 Dungeon Crawl Stone Soup version 0.19-a0-1068-g99dd0f4 (webtiles) character file.

41593 Jojapa the Executioner (level 13, 0/128 HPs)
             Began as a Minotaur Berserker on Aug 5, 2016.
             Was a High Priest of Trog.
             Succumbed to an orange demon's poison
             ... on level 6 of the Lair of Beasts.
             The game lasted 00:36:30 (18309 turns).

Jojapa the Executioner (Minotaur Berserker)        Turns: 18309, Time: 00:36:32

Health: 0/128      AC: 22    Str: 22    XL:     13   Next: 80%
Magic:  12/12      EV: 13    Int:  9    God:    Trog [*****.]
Gold:   403        SH:  0    Dex: 14    Spells: 0 memorised, 12 levels left

rFire  x . .     SeeInvis .     X - +2 executioner's axe "Beetle's Peril" {chop, +Rage Int+6 Dex-4}
rCold  + + .     Gourm    .     S - +10 ring mail "Qeiph" {rN++}
rNeg   + + +     Faith    .     (shield currently unavailable)
rPois  +         Spirit   .     (helmet restricted)
rElec  .         Dismiss  .     b - +1 ratskin cloak {rPois rN+ Int-1 Dex-1}
rCorr  .         Reflect  .     C - +1 pair of gloves
SustAt .         Harm     .     U - +1 pair of boots of Pogiqe {rC+ rN+}
MR     .....                    (no amulet)
Stlth  +.........               B - +4 ring of dexterity
                                I - ring of ice

@: lethally poisoned (0 -> -1), exhausted, weakened, slowed, very slow
A: retaliatory headbutt, horns 2, mutation resistance 1
a: Berserk, Trog's Hand, Brothers in Arms, Burn Spellbooks, Renounce Religion,
Evoke Berserk Rage


You were on level 6 of the Lair of Beasts.
You worshipped Trog.
Trog was extremely pleased with you.
You were near starving.

You visited 2 branches of the dungeon, and saw 16 of its levels.
You also visited: Labyrinth.

You collected 763 gold pieces.
You spent 360 gold pieces at shops.

Inventory:

Hand Weapons
 F - a +1 great mace of protection
 X - the +2 executioner's axe "Beetle's Peril" (weapon) {chop, +Rage Int+6 Dex-4}
   (Trog gifted it to you on level 4 of the Lair of Beasts)

   It inflicts extra damage upon your enemies.
   It affects your intelligence (+6).
   It affects your dexterity (-4).
   It lets you go berserk.
Armour
 b - the +1 ratskin cloak (worn) {rPois rN+ Int-1 Dex-1}
   (You found it on level 4 of the Dungeon)

   It affects your intelligence (-1).
   It affects your dexterity (-1).
   It protects you from poison.
   It protects you from negative energy.
 C - a +1 pair of gloves (worn)
 S - the +10 ring mail "Qeiph" (worn) {rN++}
   (You took it off a minotaur in a labyrinth)

   It greatly protects you from negative energy.
 U - the +1 pair of boots of Pogiqe (worn) {rC+ rN+}
   (You bought it in a shop on level 9 of the Dungeon)

   It protects you from cold.
   It protects you from negative energy.
Jewellery
 y - an uncursed ring of sustain attributes
 B - a +4 ring of dexterity (right hand)
 I - a ring of ice (left hand)
 O - an uncursed ring of positive energy
Wands
 u - a wand of disintegration (14/24)
 z - a wand of iceblast (9/15)
 A - a wand of flame (14/48)
 D - a wand of disintegration (11/24)
 K - a wand of acid (5/15)
 R - a wand of lightning (3/15)
 V - a wand of digging (23/24)
 W - a wand of flame (29/48)
Scrolls
 a - 2 scrolls of vulnerability
 d - a scroll of noise
 f - 2 scrolls of immolation
 h - 2 scrolls of fog {unknown}
 k - 2 scrolls of magic mapping
 n - 3 scrolls of recharging
 o - 2 scrolls of enchant weapon {unknown}
 r - 2 scrolls of teleportation {unknown}
 t - 2 scrolls of random uselessness {unknown}
 w - 2 scrolls of acquirement {unknown}
 L - 3 scrolls of amnesia
 M - a scroll of fear
 N - 3 scrolls of remove curse
 T - a scroll of brand weapon
 Y - 3 scrolls of enchant armour
Potions
 e - 8 potions of might
 g - 3 potions of resistance
 i - a potion of ambrosia
 j - a potion of agility
 m - 3 potions of lignification
 p - 10 potions of curing
 q - 2 potions of berserk rage
 s - 2 potions of cure mutation
 x - 3 potions of brilliance
 E - 2 potions of flight
 H - 2 potions of invisibility
 J - 2 potions of heal wounds
Comestibles
 c - 11 bread rations
 l - a meat ration
 v - 13 fruits
 Q - 7 beef jerkies


   Skills:
 + Level 15.6 Fighting
 * Level 21.1 Axes
 - Level 5.0 Armour
 - Level 4.0 Dodging


You had 12 spell levels left.
You didn't know any spells.

Dungeon Overview and Level Annotations

Branches:
Dungeon (10/15)            Temple (0/1) D:5            Lair (6/6) D:9
  Swamp (0/4) Lair:3        Snake (0/4) Lair:4        Slime (0/5) Lair:5
    Orc: D:9-12

Altars:
Ashenzari
Fedhas
Gozag
Kikubaaqudgha
Makhleb
Okawaru
Pakellas
Jiyva

Shops:
D:9 [[((

Annotations:
Lair:1 1 exclusion


Innate Abilities, Weirdness & Mutations

You reflexively headbutt those who attack you in melee.
You have a pair of horns on your head.
You are somewhat resistant to further mutation.


Message History

Something smites you!
* * * LOW HITPOINT WARNING * * *
You barely miss the smoke demon. You headbutt the smoke demon.
The smoke demon is lightly wounded.
The red devil misses you. The smoke demon hits you.
* * * LOW HITPOINT WARNING * * *
The smoke demon hits you but does no damage.
The smoke demon closely misses you.
You slash the smoke demon!
The smoke demon is heavily wounded.
The red devil hits you from afar with a trident.
* * * LOW HITPOINT WARNING * * *
You closely miss the smoke demon.
The smoke demon is heavily wounded.
You are no longer berserk.
Trog's vigour flows through your veins.
You are exhausted.
You feel yourself slow down.
You are near starving!
You die...

♣♣...♣♣♣....♣♣♣ ♣♣....♣
♣♣.......♣♣♣ ♣.....♣
♣♣.♣♣.♣♣♣ ######''#######
♣♣♣♣♣'#########....÷........#
♣#........#...8....8....#
#..8.8...'.............#
#...8.8..###############
#..8.8...# #...8)8†@#
#..8.8...344.._.
#...8.8..#....§.
#........#....§§ ##########
##≈§§ ≈≈ #


You could see a hellwing, a smoke demon and a red devil.

Vanquished Creatures
  A dire elephant (Lair:6)
  A minotaur (Lab)
  7 hydras
  4 death yaks (Lair:6)
  A sun demon (Lair:6)
  Nergalle (Lair:4)
  A wizard (Lair:6)
  3 griffons
  17 elephants
  10 black mambas
  2 orange demons (Lair:6)
  13 spiny frogs
  2 rime drakes
  8 komodo dragons
  3 ice devils
  12 blink frogs
  A boulder beetle (Lair:4)
  Grinder (D:4)
  Sigmund (D:2)
  A wraith (D:6)
  14 yaks
  4 basilisks
  2 hippogriffs
  A hungry ghost (D:8)
  A hell hound (Lair:6)
  7 porcupines
  14 water moccasins
  2 orc warriors
  2 ice beasts
  A phantom (D:8)
  A wasp (D:7)
  The ghost of ishanyx the Skirmisher, an amateur DsCK of Xom (D:3)
  2 ogres
  9 wolves
  A centaur (D:5)
  11 crocodiles
  Blork the orc (D:4)
  A big kobold (D:7)
  12 giant frogs
  A wyvern zombie (D:9)
  A scorpion (D:8)
  A water moccasin skeleton (D:6)
  A howler monkey (D:7)
  An electric eel (Lair:1)
  3 crimson imps
  A giant frog zombie (D:6)
  3 jellies
  8 hounds
  A giant frog skeleton (D:5)
  2 orc wizards (D:3)
  2 orc priests
  Ijyb (D:2)
  9 iguanas
  7 worker ants
  4 sheep (Lair:4)
  Robin (D:3)
  A gnoll (D:2)
  67 river rats
  19 adders
  A shadow imp (D:6)
  2 oozes
  An adder zombie (D:9)
  4 worms
  3 dart slugs (D:1)
  4 giant geckos
  15 orcs
  3 ball pythons
  4 bats
  3 giant cockroaches
  12 goblins
  7 hobgoblins
  8 jackals
  8 kobolds
  A quokka (D:8)
  A giant gecko skeleton (D:6)
  3 giant newts
  7 rats
  A butterfly (Lair:4)
  5 fungi
  3 plants (Lair:2)
407 creatures vanquished.

Vanquished Creatures (collateral kills)
  2 orange demons (Lair:6)
  A hell hound (Lair:6)
3 creatures vanquished.

Vanquished Creatures (others)
  17 fungi
  10 plants
27 creatures vanquished.

Grand Total: 437 creatures vanquished

Notes
Turn   | Place    | Note
-------+----------+-------------------------------------------
     0 | D:1      | Jojapa the Minotaur Berserker began the quest for the Orb.
     0 | D:1      | Reached XP level 1. HP: 19/19 MP: 0/0
   232 | D:1      | Reached skill level 4 in Axes
   234 | D:1      | Reached XP level 2. HP: 27/27 MP: 1/1
   350 | D:1      | Found an iron altar of Okawaru.
   987 | D:1      | Reached ** piety under Trog
  1062 | D:2      | Reached XP level 3. HP: 33/33 MP: 2/2
  1350 | D:2      | Noticed Sigmund
  1361 | D:2      | Killed Sigmund
  1361 | D:2      | Reached skill level 5 in Axes
  1361 | D:2      | Reached XP level 4. HP: 28/41 MP: 3/3
  1361 | D:2      | Reached XP level 5. HP: 32/47 MP: 4/4
  1643 | D:2      | Found a burning altar of Makhleb.
  1645 | D:2      | Found a blossoming altar of Fedhas.
  1679 | D:2      | Found an opulent altar of Gozag.
  1681 | D:2      | Found an oddly glowing altar of Pakellas.
  1778 | D:2      | Noticed Ijyb
  1790 | D:2      | Killed Ijyb
  1790 | D:2      | Reached XP level 6. HP: 25/55 MP: 5/5
  1803 | D:2      | Reached skill level 5 in Fighting
  2339 | D:3      | Noticed ishanyx's ghost (amateur DsCK)
  2348 | D:3      | Killed ishanyx's ghost
  2348 | D:3      | Reached skill level 6 in Axes
  2947 | D:3      | Reached *** piety under Trog
  2949 | D:3      | Noticed Robin
  2963 | D:3      | Killed Robin
  3035 | D:3      | Reached XP level 7. HP: 61/61 MP: 6/6
  3439 | D:4      | Reached skill level 7 in Axes
  3462 | D:4      | Noticed Grinder
  3486 | D:4      | Killed Grinder
  3486 | D:4      | Reached skill level 5 in Armour
  3591 | D:4      | Noticed Blork the orc
  3607 | D:4      | Killed Blork the orc
  3747 | D:4      | Found an ancient bone altar of Kikubaaqudgha.
  3838 | D:5      | Entered Level 5 of the Dungeon
  3885 | D:5      | Reached skill level 8 in Axes
  4133 | D:5      | Found a shattered altar of Ashenzari.
  4137 | D:5      | Reached XP level 8. HP: 71/71 MP: 7/7
  4252 | D:5      | Found a staircase to the Ecumenical Temple.
  4618 | D:6      | Found an oddly glowing altar of Pakellas.
  4641 | D:6      | Reached skill level 9 in Axes
  4945 | D:6      | Identified the Incunabulum of Creative Dark Rituals
  5062 | D:6      | Reached skill level 10 in Axes
  5647 | D:6      | Reached **** piety under Trog
  5783 | D:7      | Reached skill level 11 in Axes
  5789 | D:7      | Reached XP level 9. HP: 71/81 MP: 8/8
  6833 | D:8      | You fall through a shaft for 2 floors!
  6833 | D:10     | Entered Level 10 of the Dungeon
  7015 | D:8      | Reached skill level 12 in Axes
  7420 | D:9      | Found Jeingi's Antique Weapon Boutique.
  7460 | D:9      | Found a staircase to the Lair.
  7638 | D:9      | Found Jyalec's Antique Armour Emporium.
  7644 | D:9      | Found Xisot's Armour Boutique.
  7653 | D:9      | Bought a pair of pitted boots for 180 gold pieces
  7653 | D:9      | Bought a distressingly furry chain mail for 180 gold pieces
  7663 | D:9      | Identified the +3 chain mail of the Eternal Fruit {+Inv Int+4 Dex-3} (You bought it in a shop on level 9 of the Dungeon)
  7673 | D:9      | Identified the +1 pair of boots of Pogiqe {rC+ rN+} (You bought it in a shop on level 9 of the Dungeon)
  7896 | D:9      | Reached ***** piety under Trog
  7896 | D:9      | Reached skill level 13 in Axes
  8396 | D:9      | Found Mowkoaca's Antique Weapon Boutique.
  8502 | D:9      | Reached XP level 10. HP: 93/93 MP: 9/9
  8762 | Lair:1   | Entered Level 1 of the Lair of Beasts
  8765 | Lair:1   | Reached skill level 10 in Fighting
  8807 | Lair:1   | Noticed a spiny frog
  8824 | Lair:1   | Killed a spiny frog
  9021 | Lair:1   | Noticed a spiny frog
  9035 | Lair:1   | Killed a spiny frog
  9208 | Lair:1   | Reached skill level 14 in Axes
  9305 | Lair:1   | Noticed a seven-headed hydra
  9308 | Lair:1   | Noticed a spiny frog
  9312 | Lair:1   | Killed a seven-headed hydra
  9346 | Lair:1   | Killed a spiny frog
  9488 | Lair:1   | Noticed a spiny frog
  9494 | Lair:1   | Killed a spiny frog
  9758 | Lair:1   | Reached skill level 15 in Axes
  9950 | Lair:1   | Noticed a six-headed hydra
  9965 | Lair:1   | Killed a six-headed hydra
 10266 | Lair:1   | Found an oddly glowing altar of Pakellas.
 10970 | Lair:2   | Found a labyrinth entrance.
 10987 | Lair:2   | Noticed an eight-headed hydra
 10987 | Lab      | Entered a labyrinth
 11175 | Lab      | Noticed a minotaur
 11176 | Lab      | Noticed a centaur warrior
 11199 | Lab      | Killed a minotaur
 11199 | Lab      | Reached XP level 11. HP: 82/103 MP: 10/10
 11210 | Lab      | Got an ivory hand crossbow
 11210 | Lab      | Got a bloodstained ring mail
 11213 | Lab      | Identified the cursed +0 hand crossbow of Change {freeze, rC+++ SInv} (You took it off a minotaur in a labyrinth)
 11224 | Lab      | Identified the +10 ring mail "Qeiph" {rN++} (You took it off a minotaur in a labyrinth)
 11325 | Lair:2   | Killed an eight-headed hydra
 11327 | Lair:2   | Reached skill level 16 in Axes
 11612 | Lair:2   | Noticed a five-headed hydra
 11612 | Lair:2   | Identified a +6 rod of shadows (14/14) (You took it off a minotaur in a labyrinth)
 11621 | Lair:2   | Identified a +6 rod of inaccuracy (9/9) (You found it in a labyrinth)
 11633 | Lair:2   | Killed a five-headed hydra
 12299 | Lair:2   | Noticed a five-headed hydra
 12305 | Lair:2   | Killed a five-headed hydra
 12527 | Lair:3   | Noticed a griffon
 12535 | Lair:3   | Killed a griffon
 12535 | Lair:3   | Reached skill level 17 in Axes
 12597 | Lair:3   | Received a gift from Trog
 12614 | Lair:3   | Found a frozen archway.
 13225 | Lair:3   | Found a staircase to the Swamp.
 13783 | Lair:4   | Noticed Nergalle
 13798 | Lair:4   | Killed Nergalle
 13798 | Lair:4   | Reached XP level 12. HP: 112/115 MP: 3/11
 13902 | Lair:4   | Found a staircase to the Snake Pit.
 14257 | Lair:4   | Reached skill level 18 in Axes
 14264 | Lair:4   | Received a gift from Trog
 14269 | Lair:4   | Got an encrusted executioner's axe {god gift}
 14270 | Lair:4   | Identified the +2 executioner's axe "Beetle's Peril" {chop, +Rage Int+6 Dex-4} (Trog gifted it to you on level 4 of the Lair of Beasts)
 14864 | Lair:5   | Found a viscous altar of Jiyva.
 14869 | Lair:5   | Found a staircase to the Slime Pits.
 15735 | Lair:6   | Entered Level 6 of the Lair of Beasts
 15737 | Lair:6   | Noticed an eight-headed hydra
 15753 | Lair:6   | Killed an eight-headed hydra
 15756 | Lair:6   | Reached skill level 19 in Axes
 16446 | Lair:6   | Reached XP level 13. HP: 59/125 MP: 12/12
 17068 | Lair:6   | Gained mutation: You are somewhat resistant to further mutation. [potion of beneficial mutation]
 17082 | Lair:6   | Reached skill level 20 in Axes
 17095 | Lair:6   | Received a gift from Trog
 17106 | Lair:6   | Got an encrusted great sword {god gift}
 17107 | Lair:6   | Identified the +3 great sword of the Wolf {freeze, rElec rF+ rC- Dex+5} (Trog gifted it to you on level 6 of the Lair of Beasts)
 17139 | Lair:6   | Reached skill level 15 in Fighting
 17897 | Lair:6   | Noticed a dire elephant
 17906 | Lair:6   | Killed a dire elephant
 18032 | Lair:6   | Reached skill level 21 in Axes
 18266 | Lair:6   | Found a burning altar of Makhleb.
 18306 | Lair:6   | HP: 9/192 [smoke demon/divine providence (9)]
 18307 | Lair:6   | HP: 4/192 [smoke demon (5)]
 18308 | Lair:6   | HP: 1/192 [red devil/trident (4)]
 18309 | Lair:6   | Succumbed to an orange demon's poison

Vault maps used:
D:1:      roderic_crop_circles_arrival_small, okawaru_ov_weapons_minmay
D:2:      grunt_temple_overflow_open, first_bread, minmay_misc_feat_diagonals,
          uniq_sigmund, uniq_iyjb
D:3:      uniq_robin
D:4:      kennysheep_mini_moat, uniq_grinder, uniq_blork_the_orc
D:5:      ashenzari_conservatory_becter
D:6:      basic_altar, hangedman_decor_push, hangedman_decor_growths
D:7:      grunt_ogre_cave
D:8:      hex_tiny
D:9:      lair_0_dummy, serial_shops, nicolae_shop_window_shopping,
          shop_fountains, shop, shop
D:10:     serial_shops, shop_statue, nicolae_shop_competitors_out_of_business,
          shop, nicolae_shop_statue_plus, uniq_sonja
Lair:1:   lemuel_centaur_altar, infiniplex_staircase_pool
Lair:2:   lab_entry_generic, serial_bayou_pond_b, serial_bayou_pond_e,
          grunt_megastairs_3, lemuel_fruit_fields
Lair:3:   swamp_mist, portal_ice_cave_demonic_guard
Lair:4:   minmay_snake_entry_six_corridors, lemuel_fruit_fields, uniq_nergalle
Lair:5:   slime_altar_1, grunt_megastairs_4
Lair:6:   evil_forest, guppyfry_lair_drakes
Lab:      labyrinth_mini_lab, nicolae_lab_garden

Skill      XL: |  1  2  3  4  5  6  7  8  9 10 11 12 13 |
---------------+----------------------------------------+-----
Axes           | 4 5 6 8 11 13 15 17 19 21 | 21.1
Fighting       | 4 5 6 8 9 11 13 14 15 | 15.6
Armour         | 3 4 5 |  5.0
Dodging        | 3 4 |  4.0

Action                   |  1- 3 |  4- 6 |  7- 9 | 10-12 | 13-15 || total
-------------------------+-------+-------+-------+-------+-------++-------
Melee: Hand axe          |    76 |    99 |   349 |   158 |       ||   682
       Headbutt          |     6 |    24 |    96 |   127 |    33 ||   286
       Battleaxe         |       |       |       |   146 |       ||   146
       Broad axe         |       |       |       |    63 |       ||    63
       Great mace        |       |       |       |    30 |     2 ||    32
       Executioner's axe |       |       |       |   162 |   133 ||   295
Invok: Trog's Hand       |     1 |       |     2 |     2 |     1 ||     6
       Berserk           |       |     2 |     4 |     6 |     3 ||    15
       Brothers in Arms  |       |       |       |     1 |     4 ||     5
Evoke: Wand              |       |       |       |    21 |       ||    21
       Rod               |       |       |       |     4 |       ||     4
  Use: Scroll            |       |       |    11 |    13 |     2 ||    26
       Potion            |       |       |       |     2 |     2 ||     4
 Stab: Distracted        |     1 |       |       |       |       ||     1
       Sleeping          |       |       |     3 |       |       ||     3
       Paralysed         |       |       |       |     4 |       ||     4
  Eat: Chunk             |     1 |     8 |    25 |    12 |     8 ||    54
       Meat ration       |       |       |       |     4 |       ||     4
       Royal jelly       |       |       |       |     1 |       ||     1
       Pizza             |       |       |       |       |     1 ||     1
Armor: Animal skin       |    16 |     7 |    17 |       |       ||    40
       Plate armour      |       |       |    94 |       |       ||    94
       Chain mail        |       |       |    17 |    84 |       ||   101
       Ring mail         |       |       |       |   253 |   112 ||   365
Dodge: Dodged            |    44 |    61 |   140 |   325 |    99 ||   669
